 Dungeon Crawl Stone Soup version 0.30-a0-949-g53dc5368d7 (webtiles) character file.

Game seed: 10031356069906571918

13153 mopl the Covert (level 11, 0/111 HPs)
             Began as a Black Draconian Enchanter on Mar 27, 2023.
             Was an Elder of Dithmenos.
             Engulfed by an ice statue's freezing vapour (10 damage)
             ... in an ice cave.
             The game lasted 00:21:59 (10927 turns).

mopl the Covert (Black Draconian Enchanter)        Turns: 10927, Time: 00:22:00

Health: 0/111      AC: 11    Str: 12    XL:     11   Next: 71%
Magic:  23/23      EV: 10    Int: 25    God:    Dithmenos [****..]
Gold:   797        SH: 11    Dex: 11    Spells: 9/26 levels left

rFire   . . .      SeeInvis .    a - +2 dagger (speed)
rCold   . . .      Faith    .    H - +2 kite shield
rNeg    . . .      Spirit   .    (body armour unavailable)
rPois   .          Reflect  .    (helmet restricted)
rElec   +          Rampage  .    (no cloak)
rCorr   .                        (no gloves)
Will    .....                    (no boots) Stlth
                                 y - amulet of regeneration
HPRegen 1.18/turn                X - +4 ring of protection
MPRegen 0.18/turn                I - +6 ring of intelligence

@: berserking (expiring), slowed, wreathed by umbra
A: breathe lightning, AC +7, unfitting armour, electricity resistance,
cold-blooded
a: Breathe Lightning, Renounce Religion, Shadow Step


You were in an ice cave.
You worshipped Dithmenos.
Dithmenos was greatly pleased with you.
You visited 2 branches of the dungeon, and saw 13 of its levels.
You also visited: Ice Cave.

You collected 797 gold pieces.

Inventory:

Hand Weapons
 a - a +2 dagger of speed (weapon)
 w - a +2 falchion of electrocution
 B - a +4 short sword
 C - a +5 falchion of freezing
 L - a +2 short sword of venom
 U - the +7 mace of Variability {chaos, chain chaos}
   (You found it on level 11 of the Dungeon)
Missiles
 j - 4 javelins
 s - 5 boomerangs
 E - 30 poisoned darts
 N - a throwing net
 W - 2 datura-tipped darts
Armour
 H - a +2 kite shield (worn)
Magical Staves
 G - the staff of air "Doazemn" {rElec rC+ rN+ Dex+2}
   (You found it on level 6 of the Dungeon)

   [staff of air]

   Base accuracy: +5 Base damage: 5 Base attack delay: 1.2 This weapon's minimum
   attack delay (0.6) is reached at skill level 12.
   Dex:       It affects your dexterity (+2).
   rC:        It protects you from cold.
   rElec:     It insulates you from electricity.
   rN:        It protects you from negative energy.
   It falls into the 'Staves' category.
   It is a one-handed weapon.
Jewellery
 b - an amulet of the acrobat
 y - an amulet of regeneration (around neck)
 F - a ring of resist corrosion
 I - a +6 ring of intelligence (right hand)
 X - a +4 ring of protection (left hand)
Wands
 q - a wand of polymorph (11)
 u - a wand of light (6)
 x - a wand of digging (6)
 z - a wand of mindburst (17)
 P - a wand of roots (2)
 R - a wand of paralysis (7)
Scrolls
 c - 10 scrolls of teleportation {unknown}
 e - a scroll of brand weapon {unknown}
 f - a scroll of vulnerability {unknown}
 g - 3 scrolls of identify
 k - 5 scrolls of enchant weapon {unknown}
 l - 4 scrolls of enchant armour {unknown}
 m - 6 scrolls of fog {unknown}
 n - 3 scrolls of poison {unknown}
 o - 2 scrolls of immolation {unknown}
 p - 3 scrolls of torment {unknown}
 r - 2 scrolls of blinking {unknown}
 D - 2 scrolls of noise {unknown}
 O - 2 scrolls of amnesia {unknown}
 Q - a scroll of magic mapping {unknown}
 S - a scroll of fear {unknown}
Potions
 d - 12 potions of curing
 h - 3 potions of invisibility
 i - a potion of magic
 t - 3 potions of heal wounds
 v - 3 potions of might
 A - 3 potions of mutation {!q}
 J - 2 potions of lignification {!q}
 K - 2 potions of haste
 Y - 2 potions of cancellation
Miscellaneous
 T - a box of beasts
 V - a phial of floods


   Skills:
 + Level 8.4 Short Blades
 - Level 1.7 Dodging
 + Level 9.0 Stealth
 + Level 6.2 Shields
 + Level 8.1 Spellcasting
 + Level 8.3 Hexes
 + Level 4.7 Transmutations
 + Level 3.9 Earth Magic
 + Level 2.5 Invocations


You had 9 spell levels left.
You knew the following spells:

 Your Spells              Type           Power      Damage    Failure   Level
a - Dazzling Flash        Conj/Hex       62%        N/A       9%          3
b - Ensorcelled Hibernat  Hex/Ice        62%        N/A       4%          2
c - Confusing Touch       Hex            51%        N/A       1%          3
d - Tukima's Dance        Hex            51%        N/A       1%          3
f - Cause Fear            Hex            25%        N/A       5%          4
p - Passwall              Tmut/Erth      25%        N/A       4%          2

Your spell library contained the following spells:

 Spells                   Type           Power      Damage    Failure   Level
 Beastly Appendage        Tmut           66%        N/A       2%          1
 Sandblast                Erth           58%        2d13      3%          1
 Wereblood                Tmut           33%        N/A       3%          2
 Magic Dart               Conj           40%        1d5       16%         1
 Necrotise                Necr           40%        1d6       16%         1
 Spider Form              Tmut/Pois      22%        N/A       19%         3
 Stone Arrow              Conj/Erth      38%        3d9       22%         3
 Searing Ray              Conj           20%        2d5       24%         2
 Ignite Poison            Fire/Tmut/Pois 18%        N/A       26%         3
 Fulminant Prism          Conj/Hex       15%        3d10      28%         4
 Kindle Blastsparks       Fire/Tloc/Air  20%        2d11      43%         3
 Vampiric Draining        Necr           10%        2d6       43%         3
 Blade Hands              Tmut           16%        N/A       54%         5
 Agony                    Necr           10%        N/A       99%         5
 Freezing Cloud           Conj/Ice/Air   5%         6-21      99%         5
 Iron Shot                Conj/Erth      9%         9d3       100%        6
 Dragon Form              Tmut           16%        N/A       100%        7
 Dragon's Call            Summ           5%         N/A       100%        9
 Animate Armour           Summ/Erth      Unusable   N/A       N/A         4

Dungeon Overview and Level Annotations

Branches:
Dungeon (12/15)            Temple (1/1) D:7            Lair (0/5) D:8
  IceCv (1/1)
    Orc: D:9-12

Altars:
Cheibriados
Dithmenos
Elyvilon
Fedhas
Gozag
Hepliaklqana
Kikubaaqudgha
Makhleb
Nemelex Xobeh
Okawaru
Qazlal
Sif Muna
Trog
Uskayaw
Wu Jian
Xom
Yredelemnul
Zin
The Shining One

Shops:
D:5 :

Annotations:
D:10 Erica
D:11 fly IceCv exclusion: ice statue


Innate Abilities, Weirdness & Mutations

You can breathe wild blasts of lightning.
Your glossy black scales are hard. (AC +7)
You cannot fit into any form of body armour.
You are resistant to electric shocks. (rElec)
You are cold-blooded and may be slowed by cold attacks.


Message History

You hit the ice statue but do no damage.
You tail-slap the ice statue, but do no damage.
The ice statue is lightly damaged.
You are engulfed in freezing vapours.
You hit the ice statue.
The ice statue is lightly damaged.
You are engulfed in freezing vapours.
You hit the ice statue.
You tail-slap the ice statue, but do no damage.
The ice statue is moderately damaged.
You are engulfed in freezing vapours.
You hit the ice statue but do no damage.
You tail-slap the ice statue.
The ice statue is moderately damaged.
You are engulfed in freezing vapours.
The ice statue gestures at you. The bolt of cold hits you!!
You hit the ice statue but do no damage.
The ice statue is moderately damaged.
Your shadow hits the ice statue but does no damage.
You are engulfed in freezing vapours.
You feel yourself slow down.
You puncture the ice statue! You tail-slap the ice statue.
The ice statue is heavily damaged.
Your shadow hits the ice statue but does no damage.
You are engulfed in freezing vapours.
* * * LOW HITPOINT WARNING * * *
The ice statue gestures at you. The freezing blast engulfs you!
* * * LOW HITPOINT WARNING * * *
You hit the ice statue. You tail-slap the ice statue!
The ice statue is severely damaged.
You are engulfed in freezing vapours.
You feel as though you will be slow longer.
* * * LOW HITPOINT WARNING * * *
You hit the ice statue.
The ice statue is severely damaged.
Your shadow hits the ice statue with a dagger.
You are engulfed in freezing vapours.
You feel as though you will be slow longer.
You die...

# .### ## ## ..## ..
.### ...##.# #..###
##°....# ###..#
##°.8..#
##..##########.○@..#
..#...##...##.°°####
######...##...###
##########


You could see an ice statue (distracted).

Vanquished Creatures
  2 cyclopes
  An unseen horror (D:11)
  A rime drake (D:12)
  3 trolls
  A hornet (D:8)
  2 shadows
  A wraith (D:9)
  A vampire (D:10)
  2 wyverns
  A steam dragon (D:7)
  Eustachio (D:4)
  26 yaks
  2 chaos spawn (D:11)
  An acid dragon (D:10)
  3 water moccasins (D:8)
  A hydra simulacrum (IceCv)
  Pargi (D:4)
  4 orc warriors
  2 sky beasts (D:7)
  An ice beast (D:5)
  2 black bears
  2 centaurs
  2 phantoms
  A kobold brigand (D:8)
  4 bullfrogs
  A wyvern zombie (D:8)
  2 gnoll sergeants
  2 necrophages (D:8)
  A cane toad simulacrum (IceCv)
  4 two-headed ogre simulacra (IceCv)
  6 scorpions
  A water moccasin zombie (D:6)
  3 wights (D:6)
  5 killer bees
  An elephant simulacrum (IceCv)
  2 howler monkeys (D:7)
  A hound (D:5)
  5 bullfrog zombies (D:6)
  7 orc priests
  A human zombie (D:8)
  2 jellies
  3 centaur zombies
  Ijyb (D:4)
  2 sleepcaps (D:5)
  2 iguanas
  9 orc wizards
  6 troll simulacra (IceCv)
  2 killer bee zombies (D:8)
  A wolf simulacrum (IceCv)
  4 spriggan simulacra (IceCv)
  3 howler monkey zombies (D:8)
  4 adders
  8 gnolls
  5 naga simulacra (IceCv)
  4 white imps
  3 ufetubi (IceCv)
  2 worms
  3 dart slugs
  27 orcs
  6 ball pythons
  9 endoplasms
  2 giant cockroaches
  10 goblins
  4 hobgoblins
  3 quokkas
  4 bats
  3 frilled lizards
  13 kobolds
  3 rats
258 creatures vanquished.

Vanquished Creatures (collateral kills)
  A two-headed ogre (D:10)
  2 wights
3 creatures vanquished.

Vanquished Creatures (others)
  A chaos spawn (D:11)
  2 dancing weapons
  36 fungi (D:8)
  22 plants (D:8)
61 creatures vanquished.

Grand Total: 322 creatures vanquished

Notes
Turn   | Place    | Note
-------+----------+-------------------------------------------
     0 | D:1      | mopl the Draconian Enchanter began the quest for the Orb.
     0 | D:1      | Reached XP level 1. HP: 14/14 MP: 3/3
   312 | D:1      | Reached XP level 2. HP: 20/20 MP: 5/5
   315 | D:1      | Learned a level 2 spell: Ensorcelled Hibernation
   738 | D:2      | Reached skill level 3 in Stealth
   878 | D:2      | Reached skill level 3 in Hexes
   949 | D:2      | Reached XP level 3. HP: 24/26 MP: 6/6
   953 | D:2      | Learned a level 3 spell: Confusing Touch
  1092 | D:2      | Identified the +2 robe "Abiagritz" {Dex+3}
  1133 | D:2      | Reached skill level 5 in Short Blades
  1133 | D:2      | Reached skill level 6 in Stealth
  1133 | D:2      | Reached skill level 5 in Spellcasting
  1133 | D:2      | Reached skill level 5 in Hexes
  1133 | D:2      | Reached XP level 4. HP: 33/33 MP: 7/11
  1147 | D:2      | Learned a level 3 spell: Tukima's Dance
  1151 | D:2      | Learned a level 3 spell: Dazzling Flash
  1156 | D:2      | Found a glowing silver altar of Zin.
  1743 | D:3      | Found a snail-covered altar of Cheibriados.
  2117 | D:4      | Noticed an orc warrior
  2119 | D:4      | Reached XP level 5. HP: 38/38 MP: 12/12
  2328 | D:3      | Killed an orc warrior
  2329 | D:3      | Reached skill level 1 in Shields
  2329 | D:3      | Reached XP level 6. HP: 34/45 MP: 9/14
  2796 | D:4      | Found a shimmering blue altar of Sif Muna.
  2799 | D:4      | Noticed an orc warrior
  2808 | D:4      | Found a bloodstained altar of Trog.
  2821 | D:4      | Killed an orc warrior
  2822 | D:4      | Reached skill level 6 in Hexes
  2921 | D:4      | Your scales start taking on a glossy black colour.
  2921 | D:4      | Reached XP level 7. HP: 50/50 MP: 15/15
  2921 | D:4      | Gained mutation: You are resistant to electric shocks.
                  | (rElec) [Black Draconian growth]
  2936 | D:4      | Noticed Pargi
  2936 | D:4      | Noticed Eustachio
  2954 | D:4      | Killed Pargi
  2977 | D:4      | Killed Eustachio
  2978 | D:4      | Reached skill level 6 in Short Blades
  2978 | D:4      | Reached skill level 2 in Shields
  3223 | D:4      | Noticed Ijyb
  3229 | D:4      | Killed Ijyb
  3499 | D:5      | Entered Level 5 of the Dungeon
  3516 | D:5      | Reached XP level 8. HP: 57/57 MP: 13/16
  3565 | D:5      | Reached skill level 6 in Spellcasting
  3936 | D:5      | Found Fiwona's Self-Improvement Boutique.
  4114 | D:6      | Reached skill level 7 in Stealth
  4114 | D:6      | Reached skill level 3 in Shields
  4130 | D:6      | Identified the +1 leather armour of the Realm of Zot
                  | {Dex+7}
  4138 | D:6      | Found a basalt altar of Yredelemnul.
  4192 | D:6      | Found an iron altar of Okawaru.
  4210 | D:6      | Found a glowing silver altar of Zin.
  4498 | D:6      | Reached XP level 9. HP: 49/62 MP: 16/18
  4796 | D:6      | Identified the staff of air "Doazemn" {rElec rC+ rN+ Dex+2}
  5102 | D:7      | Learned a level 4 spell: Cause Fear
  5179 | D:7      | Learned a level 2 spell: Passwall
  5304 | D:7      | Found a staircase to the Ecumenical Temple.
  5336 | Temple   | Entered the Ecumenical Temple
  5345 | Temple   | Became a worshipper of Dithmenos the Shadowed
  5652 | D:7      | Reached skill level 7 in Hexes
  5996 | D:8      | Reached skill level 4 in Shields
  5997 | D:8      | Found a staircase to the Lair.
  5999 | D:8      | Reached skill level 1 in Transmutations
  6027 | D:8      | Reached skill level 7 in Short Blades
  6064 | D:8      | Reached skill level 1 in Earth Magic
  6095 | D:8      | Paralysed by a hornet for 3 turns
  6170 | D:8      | Reached * piety under Dithmenos
  6220 | D:8      | Reached skill level 2 in Transmutations
  6394 | D:8      | Reached XP level 10. HP: 42/69 MP: 16/20
  6707 | D:8      | Reached skill level 7 in Spellcasting
  6732 | D:8      | Found an ancient bone altar of Kikubaaqudgha.
  6762 | D:8      | Reached skill level 2 in Earth Magic
  6835 | D:8      | Found a transporter.
  6858 | D:8      | Reached skill level 8 in Stealth
  7237 | D:8      | Found a transporter.
  7491 | D:9      | Found a stormy altar of Qazlal.
  7551 | D:9      | Reached ** piety under Dithmenos
  7554 | D:9      | Reached skill level 5 in Shields
  7554 | D:9      | Reached skill level 3 in Transmutations
  7664 | D:9      | Noticed a cyclops
  7674 | D:9      | Killed a cyclops
  8018 | D:9      | Found an opulent altar of Gozag.
  8146 | D:9      | Found a hide-covered altar of Uskayaw.
  8196 | D:10     | Entered Level 10 of the Dungeon
  8257 | D:10     | Noticed Erica
  8353 | D:10     | Reached skill level 3 in Earth Magic
  8353 | D:10     | Reached XP level 11. HP: 74/74 MP: 19/22
  8565 | D:10     | Reached skill level 8 in Short Blades
  8630 | D:10     | Reached skill level 4 in Transmutations
  8638 | D:10     | Reached skill level 8 in Hexes
  8750 | D:10     | Reached skill level 1 in Invocations
  8929 | D:10     | Noticed a two-headed ogre
  8938 | D:10     | Killed a two-headed ogre
  9266 | D:11     | Noticed a sea snake
  9405 | D:11     | Noticed a sea snake
  9423 | D:11     | Found a shimmering altar of Xom.
  9425 | D:11     | Found the +7 mace of Variability {chaos, chain chaos}
  9452 | D:11     | Reached *** piety under Dithmenos
  9509 | D:11     | Reached skill level 6 in Shields
  9600 | D:11     | Reached skill level 2 in Invocations
 10157 | D:12     | Found a frozen archway.
 10174 | D:12     | Reached skill level 8 in Spellcasting
 10185 | IceCv    | Entered an ice cave
 10594 | IceCv    | Reached skill level 9 in Stealth
 10672 | IceCv    | Reached **** piety under Dithmenos
 10927 | IceCv    | Engulfed by an ice statue's freezing vapour

Illustrated notes

Levels and vault maps discovered:
D:1:      dpeg_arrival_short_road, layout_basic, hangedman_feature_mirror
D:2:      layout_basic, basic_altar, amcnicky_mini_pool_small, nrook_mini_vaults
D:3:      layout_basic, lemuel_crystal_altar, kennysheep_minor_cross
D:4:      layout_gridville, nzn_overflow_gifts_of_might_and_magic,
          serial_park_tiny_2, uniq_ijyb, uniq_eustachio, uniq_pargi
D:5:      layout_rooms, chequers_serial_rivers_micro_e, eino_curves_01,
          nicolae_shop_self_help
D:6:      layout_basic, nicolae_yredelemnul_corpse_copse,
          grunt_temple_overflow_open, hangedman_abyss_or_decor_passed
D:7:      layout_basic, minmay_temple_entry_butterflies
D:8:      layout_basic, lemuel_mausoleum_altar_kikubaaqudgha,
          due_lair_maze_entry_diamond, nicolae_diode_stairs
D:9:      layout_irregular_city, mainiacjoe_overflow_surrounded_room,
          nicolae_gozag_cash_rules_everything_around_me,
          nicolae_uskayaw_suspiria, minmay_starry_boxes
D:10:     layout_grid_maze, st_stairs_3, kennysheep_another_room, uniq_erica
D:11:     layout_roguey, serial_aquarium, aquarium_bridge_square
          [aquarium_subvault_wall, aquarium_subvault_wall,
          aquarium_subvault_wall, aquarium_subvault_bridge],
          aquarium_bridge_long_separate [aquarium_subvault_bridge,
          aquarium_subvault_wall, aquarium_subvault_bridge,
          aquarium_subvault_bridge, aquarium_subvault_wall,
          aquarium_subvault_balcony], aquarium_window_fake, aquarium_window_1,
          aquarium_view_2f, aquarium_pool_2, moated_statue,
          minmay_guarded_unrand_variability
D:12:     layout_layer_cave, david_orc_4, portal_ice_cave_rime,
          nrook_pool_corridor, evilmike_ruin_ashenzari
Temple:   nicolae_temple_ecumenical_triangle
IceCv:    ice_cave_caverns_01

Skill      XL: |  1  2  3  4  5  6  7  8  9 10 11 |
---------------+----------------------------------+-----
Stealth        | 3 6 7 8 9 |  9.0
Hexes          | 3 5 6 7 8 |  8.3
Short Blades   | 5 6 7 8 |  8.4
Spellcasting   | 5 6 7 8 |  8.1
Shields        | 1 2 3 4 5 6 |  6.2
Transmutations | 2 3 4 |  4.7
Earth Magic    | 1 3 |  3.9
Invocations    | 2 |  2.5
Dodging        | |  1.7

Action                     |  1- 3 |  4- 6 |  7- 9 | 10-12 || total
---------------------------+-------+-------+-------+-------++-------
  Melee: Dagger            |    87 |    76 |   348 |   468 ||   979
         Tailslap          |     9 |    10 |    52 |    77 ||   148
         Punch             |       |     1 |       |       ||     1
         Short sword       |       |       |       |    33 ||    33
   Cast: Ensorcelled Hiber |     2 |    22 |    48 |    70 ||   142
         Tukima's Dance    |       |     2 |     6 |     6 ||    14
         Confusing Touch   |       |       |    11 |    25 ||    36
         Passwall          |       |       |     1 |     7 ||     8
Ability: Breathe Lightning |       |       |     7 |     5 ||    12
  Evoke: Wand              |       |       |       |     1 ||     1
    Use: Scroll            |     4 |     1 |     3 |     2 ||    10
         Potion            |     1 |       |       |     1 ||     2
   Stab: Sleeping          |     7 |    24 |    35 |    67 ||   133
         Confused          |       |       |    10 |    20 ||    30
         Distracted        |       |       |       |     1 ||     1
         Paralysed         |       |       |       |     1 ||     1
 Armour: Skin              |    18 |    18 |    92 |    88 ||   216
  Dodge: Dodged            |    66 |    27 |   143 |   119 ||   355
  Block: Buckler           |       |     2 |    40 |       ||    42
         Kite shield       |       |       |    55 |   189 ||   244

Table legend: (Time is in decaauts)
 A = Elapsed time spent in this place.
 B = Non-inter-level travel time spent in this place.
 C = Inter-level travel time spent in this place.
 D = Time resting spent in this place.
 E = Time spent auto-exploring this place.
 F = Levels seen in this place.
 G = Mean time per level.
                   A        B        C        D        E       F      G
               +--------+--------+--------+--------+--------+-----+--------+
         Total |  10665 |  10359 |    306 |   1289 |   6218 |  14 |  761.8 |
       Dungeon |   9959 |   9662 |    297 |    971 |   6218 |  12 |  829.9 |
        Temple |     18 |      9 |      9 |      0 |      0 |   1 |   18.0 |
      Ice Cave |    686 |    686 |      0 |    318 |      0 |   1 |  686.0 |
               +--------+--------+--------+--------+--------+-----+--------+

Top non-repeatable levels by time:
     D:8: 1302 daAuts
     D:4: 1271 daAuts
     D:6: 960 daAuts
     D:9: 942 daAuts
    D:10: 939 daAuts
     D:7: 922 daAuts
    D:11: 832 daAuts
     D:3: 825 daAuts
     D:1: 727 daAuts
   IceCv: 686 daAuts
     D:2: 647 daAuts
     D:5: 549 daAuts
    D:12: 39 daAuts
  Temple: 18 daAuts
